Map: Thunderbird LE

Players

Woah

  • Race: Terran Terran
  • Spawn Location: 5:00

Schnitzlsepp - Winner!

  • Race: Zerg Zerg
  • Spawn Location: 11:00

VOD

Have the link to the VOD?

Description

Time

  • Played on: June 12, 2019, 4:44 a.m.
  • Length: 18:57
Show
View Real Time Build Order
Export as new Build Order

Woah Terran 

Build Orders: Reaper Expand 

Get SALT Encoding   

  12  0:01  SCV  
  13  0:13  SCV  
  14  0:17  Supply Depot  
  14  0:25  SCV  
  15  0:38  SCV  
  15  0:40  Barracks  
  16  0:45  Refinery  
  16  0:50  SCV  
  17  1:03  SCV  
  18  1:15  SCV  
  19  1:29  Orbital Command  
  19  1:30  Reaper  
  20  1:42  Command Center  
  20  1:52  Barracks  
  20  1:55  SCV  
  21  2:02  Barracks Reactor  
  21  2:08  SCV, Supply Depot  
  21  2:13  Refinery  
  22  2:21  SCV  
  23  2:42  Barracks Tech Lab  
  23  2:53  SCV, Factory  
  23  2:54  Marine x2  
  26  3:01  Orbital Command  
  26  3:04  Marine  
  27  3:12  Marine x2  
  29  3:15  Stimpack  
  29  3:17  Refinery  
  29  3:18  SCV  
  30  3:21  Marine  
  31  3:27  Supply Depot  
  31  3:29  SCV  
  32  3:37  SCV  
  32  3:40  Starport, Factory Reactor  
  34  3:41  SCV  
  34  3:44  Marine  
  35  3:53  SCV  
  35  3:54  SCV  
  37  3:57  Marine x2  
  39  4:05  SCV  
  39  4:07  Supply Depot  
  39  4:23  Engineering Bay x2, Marine x3  
  42  4:32  SCV  
  42  4:35  Medivac x2  
  42  4:36  SCV  
  48  4:40  Marine  
  48  4:41  Marine  
  48  4:44  Supply Depot  
  50  4:46  Factory Tech Lab  
  50  4:47  Marine  
  51  4:53  SCV  
  51  4:54  SCV  
  51  4:58  Marine x2  
  55  5:05  SCV  
  56  5:14  Marine  
  56  5:16  SCV, Marine x2  
  56  5:17  Viking  
  56  5:18  Medivac  
  56  5:20  Siege Tank  
  67  5:29  Refinery  
  67  5:31  Supply Depot  
  67  5:35  Marine x2  
  68  5:38  Combat Shield  
  66  6:03  Marine x2  
  66  6:04  Marine  
  62  6:21  Marine x3  
  64  6:39  Marine x2  
  66  6:40  Terran Infantry Weapons Level 1, Terran Infantry Armor Level 1  
  66  6:45  SCV x2, Command Center  
  68  6:49  Armory  
  68  6:57  SCV x2  
  70  7:03  Barracks  
  70  7:06  Barracks  
  70  7:09  SCV  
  70  7:13  Marine  
  70  7:14  Marine  
  73  7:22  Barracks  
  73  7:24  Marine  
  73  7:28  Supply Depot  
  73  7:29  Supply Depot  
  72  7:41  Bunker  
  67  8:09  Orbital Command  
  65  8:13  Supply Depot  
  65  8:34  Marine x2  
  69  8:50  Barracks Reactor x3  
  69  8:51  Terran Infantry Armor Level 2  
  69  8:52  Terran Infantry Weapons Level 2  
  69  8:54  SCV  
  68  9:03  SCV  
  68  9:06  SCV  
  70  9:15  SCV  
  71  9:18  Orbital Command  
  71  9:19  SCV, Marine x3  
  71  9:24  Siege Tank  
  78  9:45  Marine  
  78  9:46  Marine x6  
  85  9:58  Command Center  
  85  10:09  Marine  
  85  10:11  Marine x2  
  85  10:13  Marine x2  
  85  10:14  Marine  
  85  10:21  Marine x2  
  85  10:23  Marine  
  77  10:29  Marine  
  77  10:31  Marine  
  77  10:32  Orbital Command  
  68  10:37  Marine  
  64  10:55  Marine x8  
  64  10:56  Marine  
  73  10:57  Command Center  
  71  11:12  SCV x3  
  71  11:13  Marine x5  
  71  11:16  Terran Infantry Armor Level 3, Liberator, Terran Infantry Weapons Level 3  
  71  11:17  Marine  
  71  11:18  Marine x3  
  83  11:24  SCV x2  
  85  11:32  SCV, Marine x2  
  85  11:36  SCV x2  
  82  11:50  SCV x3  
  82  11:53  Starport  
  85  11:55  Starport  
  85  11:58  Marine  
  85  11:59  Marine x7  
  85  12:00  Command Center  
  93  12:02  SCV  
  97  12:11  Thor  
  97  12:13  SCV  
  97  12:15  SCV  
  102  12:18  Bunker  
  102  12:29  Marine  
  103  12:30  Marine x8  
  103  12:33  SCV  
  103  12:34  SCV  
  103  12:36  SCV  
  109  13:12  Viking x2  
  97  13:17  Viking  
  97  13:18  Viking, Marine  
  97  13:19  Marauder, Marine x3  
  107  13:23  SCV x3  
  110  13:28  SCV  
  110  13:31  Marine  
  110  13:32  Marine  
  113  13:40  Marauder, Barracks  
  115  13:42  Viking x2, Barracks  
  115  13:47  Viking  
  115  13:58  Viking  
  115  14:02  Marauder  
  119  14:08  Marine  
  119  14:09  Marine x7  
  122  14:12  Viking  
  124  14:23  Marauder  
  110  14:26  Marine  
  110  14:27  Marine x7  
  96  14:40  SCV x3  
  96  14:41  SCV  
  96  14:44  Marine x3  
  96  14:45  Marine x6  
  108  14:46  SCV  
  108  14:52  SCV x2  
  113  14:53  SCV x2  
  113  14:58  SCV  
  106  15:02  Marine x8  
  90  15:07  Marine  
  90  15:10  Siege Tank  
  90  15:20  Marauder, Marine x6  
  94  15:30  Marine x2  
  96  15:37  Marine  
  96  15:38  Marine x2  
  96  15:40  Marine x2  
  101  15:44  Barracks  
  101  15:46  Barracks  
  101  15:51  Factory  
  101  16:24  Marine x2  
  101  16:26  Planetary Fortress  
  101  16:28  Marine x2  
  101  16:30  Marine  
  101  16:39  Factory  
  101  16:40  Factory, Supply Depot  
  101  16:41  Refinery x2  
  101  16:54  Marine x5  
  109  17:02  Medivac x2, Marine  
  117  17:16  Marine x2  
  117  17:17  Marine  
  117  17:21  Medivac  
  117  17:22  Factory Tech Lab  
  116  17:23  Factory Tech Lab  
  116  17:30  Siege Tank  
  116  17:41  Barracks x2  
  116  17:43  Barracks  
  116  17:46  Missile Turret, Barracks  
  116  17:47  Missile Turret x2  
  116  17:52  Medivac x2  
  114  18:04  Siege Tank x3  
  102  18:20  Viking  
  102  18:22  Viking x2  
  90  18:34  Marine x9  
Show
View Real Time Build Order
Export as new Build Order

Schnitzlsepp Zerg - Winner!

Build Orders: Hatch First 

Get SALT Encoding   

  12  0:00  Drone  
  13  0:12  Overlord  
  13  0:16  Drone  
  14  0:32  Drone x2  
  16  0:36  Drone  
  17  0:46  Drone  
  18  0:56  Hatchery  
  17  0:59  Drone  
  17  1:02  Extractor  
  17  1:15  Spawning Pool  
  16  1:20  Drone x2  
  18  1:28  Drone  
  19  1:38  Drone  
  20  1:50  Drone  
  21  2:00  Drone  
  22  2:08  Queen x2  
  22  2:10  Zergling x2  
  22  2:13  Overlord  
  27  2:18  Metabolic Boost  
  27  2:27  Drone  
  28  2:34  Drone x2  
  28  2:35  Extractor, Drone  
  30  2:52  Queen  
  30  2:53  Drone x3  
  30  2:57  Hatchery  
  34  3:02  Drone x2  
  36  3:06  Overlord  
  36  3:28  Drone x5  
  36  3:29  Drone x3  
  36  3:32  Pneumatized Carapace  
  44  3:45  Lair  
  44  3:48  Overlord  
  44  3:59  Evolution Chamber  
  44  4:00  Evolution Chamber  
  42  4:03  Baneling Nest  
  41  4:25  Zerg Ground Armor Level 1  
  41  4:27  Zergling x4  
  41  4:28  Zergling x10  
  48  4:32  Queen  
  48  4:35  Drone  
  48  4:36  Drone x2  
  53  4:38  Drone  
  53  4:39  Drone x4  
  53  4:41  Overlord  
  53  4:42  Overlord  
  53  4:44  Overlord  
  58  5:13  Zerg Melee Weapons Level 1  
  58  5:15  Queen  
  58  5:17  Queen  
  58  5:18  Centrifical Hooks  
  58  5:21  Extractor  
  61  5:23  Drone x3  
  61  5:24  Extractor, Drone x7  
  61  5:25  Drone x4  
  61  5:27  Spore Crawler  
  73  5:34  Spine Crawler  
  72  5:36  Drone, Spine Crawler  
  72  5:37  Drone  
  72  5:39  Drone  
  74  5:45  Spore Crawler  
  65  5:57  Zergling x2  
  65  5:58  Zergling x18  
  70  6:09  Queen x3  
  70  6:17  Baneling x3  
  70  6:18  Baneling x3  
  70  6:19  Baneling  
  64  6:30  Drone  
  64  6:31  Drone x2  
  64  6:32  Drone x3  
  70  6:33  Drone x2  
  72  6:42  Zerg Ground Armor Level 2  
  72  6:45  Queen  
  73  7:02  Baneling x4  
  73  7:03  Baneling  
  73  7:04  Overlord x2  
  73  7:15  Zerg Melee Weapons Level 2  
  73  7:21  Infestation Pit  
  73  7:22  Queen x2  
  76  7:27  Spine Crawler  
  75  7:34  Hatchery  
  69  7:49  Zergling x2  
  69  7:50  Zergling x40  
  85  8:12  Spine Crawler x2  
  80  8:19  Baneling x3  
  79  8:20  Baneling x6  
  79  8:21  Baneling x2  
  79  8:29  Hive  
  79  8:47  Spire  
  78  9:00  Hatchery  
  77  9:09  Zergling x2  
  78  9:10  Zergling x20  
  88  9:18  Drone x2  
  88  9:19  Overlord x3  
  88  9:20  Overlord x2  
  88  9:45  Drone x14  
  97  9:47  Extractor  
  97  9:48  Extractor  
  97  9:49  Spine Crawler  
  99  9:54  Baneling x3  
  99  9:55  Baneling x7  
  99  9:57  Drone x5  
  99  9:58  Spine Crawler  
  103  10:00  Spore Crawler, Spine Crawler  
  103  10:04  Drone  
  78  10:51  Zergling x2  
  78  10:52  Zergling x34  
  96  11:02  Zergling x2  
  96  11:03  Zergling x4  
  96  11:13  Baneling  
  96  11:14  Baneling x12  
  96  11:16  Greater Spire  
  96  11:21  Zerg Ground Armor Level 3, Zerg Melee Weapons Level 3  
  96  11:22  Adrenal Glands  
  96  11:30  Extractor  
  96  11:31  Drone x2  
  94  11:34  Extractor  
  90  11:55  Drone x3  
  90  11:56  Drone x3  
  90  11:57  Zergling x2  
  90  11:58  Zergling x18  
  90  11:59  Overlord x2  
  90  12:00  Overlord x4  
  106  12:02  Corruptor  
  106  12:03  Corruptor x7  
  122  12:10  Hydralisk Den  
  122  12:11  Drone x3  
  124  12:41  Overlord  
  124  13:13  Brood Lord x3  
  124  13:14  Brood Lord x5  
  124  13:15  Zerg Flyer Armor Level 1  
  124  13:17  Hydralisk x3, Muscular Augments  
  124  13:18  Hydralisk x9  
  163  13:44  Hatchery  
  154  14:13  Hydralisk  
  154  14:14  Hydralisk x17  
  154  14:16  Zergling x2  
  180  14:28  Grooved Spines  
  152  15:03  Corruptor x3  
  152  15:04  Corruptor x4  
  162  15:08  Zergling x32  
  162  15:09  Zergling x28  
  162  15:10  Zerg Flyer Weapons Level 1  
  191  15:26  Hatchery  
  190  15:39  Hatchery  
  189  15:52  Zerg Missile Weapons Level 1  
  189  15:58  Overlord x4  
  189  15:59  Overlord x3  
  189  16:19  Brood Lord x3  
  189  16:20  Brood Lord x2  
  189  16:34  Brood Lord x2  
  193  17:05  Overlord x4  
  193  17:06  Overlord, Overseer x2  
  193  17:07  Overseer x4  
  193  17:14  Extractor  
  193  17:15  Extractor x2  
  191  17:16  Baneling, Extractor  
  191  17:17  Baneling x27  
  191  17:18  Baneling x2  
  187  18:04  Zergling x8  
  187  18:05  Zergling x22  
  197  18:19  Zergling x2  
  199  18:20  Zergling x4  
  194  18:34  Baneling x3  
  194  18:35  Baneling x25  
  194  18:37  Zergling x12  
  194  18:38  Zergling x2  
Tags
 
Matchup
TvZ
Replay Pack
r1
Spawn Locations
Cross Positions
Add a new tag
Caveats
  • Supply blocks, unpowered buildings, or Contaminate may cause inaccurate times.
  • Supply counts are checked every 10 seconds.